 Dungeon Crawl Stone Soup version 0.18-a0-596-g6468885 (webtiles) character file.

21 M4edhros the Vexing (level 2, -2/18 HPs)
             Began as an Octopode Arcane Marksman on Dec 3, 2015.
             Slain by an adder (3 damage)
             ... on level 2 of the Dungeon.
             The game lasted 00:00:49 (773 turns).

M4edhros the Vexing (Octopode Arcane Marksman)       Turns: 773, Time: 00:00:50

Health: -2/18      AC:  1    Str: 10      XL:     2   Next: 83%
Magic:  4/4        EV: 12    Int: 15      God:
Gold:   70         SH:  0    Dex: 11 (13) Spells: 1 memorised, 3 levels left

rFire  . . .     SeeInvis .     a - +0 hunting sling
rCold  . . .     Clarity  .     (no shield)
rNeg   . . .     SustAt   .     (helmet restricted)
rPois  .         Gourm    .     (no amulet)
rElec  .         Spirit   .     k - +2 ring of dexterity (curse)
rCorr  .         Dismiss  .     (no ring)
rMut   .         Stasis   .     (no ring)
MR     .....                    (no ring)
Stlth  ++........               (no ring)
                                (no ring)
                                (no ring)
                                (no ring)

@: lethally poisoned (-2 -> -14), not resistant to hostile enchantments,
unstealthy
A: almost no armour, amphibious, 8 rings, constrict 8, camouflage 1, gelatinous
body 1
a: no special abilities


You were on level 2 of the Dungeon.
You were not hungry.

You visited 1 branch of the dungeon, and saw 2 of its levels.

You collected 70 gold pieces.

Inventory:

Hand Weapons
 a - a +0 hunting sling (weapon)
Missiles
 c - 18 sling bullets (quivered)
 e - 16 stones
Jewellery
 k - a cursed +2 ring of dexterity (left tentacle)
Scrolls
 f - 3 scrolls of teleportation {unknown}
 g - a scroll of fear {unknown}
 i - a scroll of remove curse {unknown}
 l - a scroll of identify {unknown}
Potions
 m - a potion of agility {unknown}
Books
 b - a book of Debilitation

   Spells                             Type                      Level
   a - Corona                         Hexes                        1
   b - Slow                           Hexes                        2
   c - Gell's Gravitas                Hexes/Translocation          3
   d - Inner Flame                    Hexes/Fire                   3
   e - Cause Fear                     Hexes                        4
   f - Leda's Liquefaction            Hexes/Earth                  4
Comestibles
 d - a bread ration
 n - a beef jerky


   Skills:
 - Level 1.0 Fighting
 + Level 2.2 Slings
 + Level 2.4 Dodging
 + Level 1.5 Spellcasting
 + Level 3.2 Hexes


You had 3 spell levels left.
You knew the following spells:

 Your Spells              Type           Power        Failure   Level  Hunger
a - Corona                Hex            ##.....      8%          1    ##.....


Dungeon Overview and Level Annotations

Branches:
Dungeon (2/15)

Altars:


Innate Abilities, Weirdness & Mutations

You cannot wear most types of armour.
You are amphibious.
You can wear up to eight rings at the same time.
You can use your tentacles to constrict eight enemies at once.
Your skin changes colour to match your surroundings (Stealth).
Your rubbery body absorbs attacks (AC +1).


Message History

The adder is severely wounded.
You feel sick. The adder bites you.
* * * LOW HITPOINT WARNING * * *
Firing (i - inventory. (,) - cycle):
c - 19 sling bullets (quivered)
Press: ? - help, Shift-Dir - straight line, f/p - adder
Aim: an adder (severely wounded)
You shoot a sling bullet.
The sling bullet barely misses the adder.
* * * LOW HITPOINT WARNING * * *
You feel sick. The adder bites you.
* * * LOW HITPOINT WARNING * * *
You are more poisoned.
The adder poisons you!
Drink which item? (? for menu, Esc to quit)
It was a potion of degeneration.
There was something very wrong with that liquid.
You feel clumsy.
* * * LOW HITPOINT WARNING * * *
You feel sick. The adder barely misses you. The adder bites you.
You die...

###....... . #..!......
.. #......((
#....##....###......#
#....#.........(<..#
.....#...........(.#
................S..######
..............@.........
......................
#..........#...####.
#..<................
#.....†......##..###
#.........#.## .#
#...........# #
..............#
..####...?.....#


You could see an adder.

Vanquished Creatures
  A giant gecko (D:2)
  4 bats (D:1)
  3 giant cockroaches (D:1)
  2 goblins (D:1)
  3 hobgoblins (D:1)
  2 giant newts (D:1)
  2 kobolds (D:1)
17 creatures vanquished.

Notes
Turn   | Place    | Note
--------------------------------------------------------------
     0 | D:1      | M4edhros the Octopode Arcane Marksman began the quest for the Orb.
     0 | D:1      | Reached XP level 1. HP: 13/13 MP: 2/2
   212 | D:1      | Reached XP level 2. HP: 15/18 MP: 4/4
   773 | D:2      | Slain by an adder

Vault maps used:
D:1:      dpeg_arrival_line_fractal
D:2:      gammafunk_temple_overflow_wave

Action                   || total
-------------------------++-------
 Fire: Hunting sling     ||    81
  Use: Potion            ||     2
